 Dungeon Crawl Stone Soup version 0.14.0-12-g87ee3b7 (webtiles) character file.

649965 MDvedh the Conqueror (level 27, -2/323 HPs)
             Began as a Demonspawn Berserker on Apr 15, 2014.
             Was a High Priest of Trog.
             Slain by an Executioner (3 damage)
             ... on Level 1 of the Realm of Zot.
             The game lasted 04:23:47 (88621 turns).

MDvedh the Conqueror (Demonspawn Berserker)        Turns: 88621, Time: 04:23:48

HP  -2/323       AC 31     Str 31      XL: 27
MP   0/23        EV 11     Int 15      God: Trog [*****.]
Gold 3177        SH 30     Dex 18      Spells:  0 memorised, 26 levels left

rFire  + + +     SeeInvis .     n - +7,+13 demon whip of a sewer {venom, rC+ Dex+4}
rCold  + + +     Clarity  .     y - +0 gold dragon armour
rNeg   . . .     Conserve +     b - +0 shield {AC+3}
rPois  +         rCorr    .     (helmet unavailable)
rElec  .         rRot     +     z - +1 cloak of the Earth {Str+5 Dex+3}
SustAb . .       Spirit   +     x - -1 pair of gloves
rMut   .         Warding  .     s - +0 pair of boots "Ragaism" {rF++ Int+3 Dam+3}
Saprov + . .     Stasis   .     f - amulet of conservation
MR     ++++.                    O - ring of protection from cold
                                u - ring of protection from magic

@: regenerating, drained, incredibly resistant to hostile enchantments,
extremely unstealthy
A: horns 3, talons 1, rough black scales 3, blink 1, blurry vision 2, clever 1,
deformed body, herbivore 1, foul stench 2, robust 3, saprovore 1, slow healing
1, weak 1, magic shield, magic regeneration, magic link
a: Blink, Burn Spellbooks, Berserk, Trog's Hand, Brothers in Arms, Renounce
Religion
0: Orb of Zot
}: 3/15 runes: decaying, silver, gossamer


You were on level 1 of the Realm of Zot.
You worshipped Trog.
Trog was extremely pleased with you.
You were not hungry.

You visited 9 branches of the dungeon, and saw 55 of its levels.
You visited the Abyss 2 times.
You visited 1 bazaar.
You also visited: Ice Cave and Volcano.

You collected 6906 gold pieces.
You spent 3729 gold pieces at shops.

Inventory:

Hand weapons
 n - the +7,+13 demon whip of a sewer (weapon) {venom, rC+ Dex+4}
   (Trog gifted it to you on level 8 of the Lair of Beasts)

   It poisons the flesh of those it strikes.
   It affects your dexterity (+4).
   It protects you from cold.
Armour
 b - a +0 shield of protection (worn)
 s - the +0 pair of boots "Ragaism" (worn) {rF++ Int+3 Dam+3}
   (You found it on level 3 of the Elven Halls)

   It affects your intelligence (+3).
   It affects your damage with ranged weapons and melee attacks (+3).
   It greatly protects you from fire.
 x - a -1 pair of gloves (worn)
 y - a +0 gold dragon armour (worn)
 z - the +1 cloak of the Earth (worn) {Str+5 Dex+3}
   (You found it on level 3 of the Elven Halls)

   It affects your strength (+5).
   It affects your dexterity (+3).
Magical devices
 a - a wand of digging (4)
 q - a wand of teleportation (3)
 U - a wand of teleportation (3)
Comestibles
 h - 11 bread rations
 v - a choko
Scrolls
 d - 18 scrolls of remove curse
 i - 5 scrolls of fear
 l - a scroll of recharging
 m - a scroll of teleportation
 p - 5 scrolls of identify
 r - 4 scrolls of vulnerability
 F - 11 scrolls of fog
 M - 2 scrolls of blinking
 N - a scroll of enchant weapon I
 Y - 3 scrolls of silence
Jewellery
 c - an uncursed amulet of stasis
 e - an uncursed ring of flight
 f - an amulet of conservation (around neck)
 k - an uncursed ring of poison resistance
 u - a ring of protection from magic (left hand)
 E - an uncursed amulet of resist mutation
 O - a ring of protection from cold (right hand)
 X - an uncursed amulet of resist corrosion
 Z - an uncursed ring of teleport control
Potions
 j - 3 potions of restore abilities
 o - 3 potions of might
 t - a potion of brilliance
 w - a potion of cure mutation
 C - 3 potions of invisibility
 D - 3 potions of berserk rage
 K - a potion of haste
 P - 2 potions of flight
 S - a potion of agility
 W - a potion of resistance


   Skills:
 O Level 27(25.7) Fighting
 + Level 26.1(24.9) Maces & Flails
 - Level 15.0(14.0) Armour
 - Level 15.4(14.4) Dodging
 - Level 15.0(14.0) Shields


You had 26 spell levels left.
You didn't know any spells.

Dungeon Overview and Level Annotations

Branches:
Dungeon (15/15)            Temple (0/1) D:5             Orc (4/4) D:12
    Elf (3/3) Orc:3          Lair (8/8) D:9           Swamp (5/5) Lair:5
 Spider (5/5) Lair:6        Slime (0/6) Lair:7       Vaults (5/5) D:14
  Blade (0/1) Vaults:4      Crypt (0/5) Vaults:2        Zot (5/5) Depths:5
 Depths (5/5) D:15

Altars:
Ashenzari
Fedhas
Okawaru
Vehumet
Zin
The Shining One
Beogh
Jiyva
Lugonu

Shops:
D:9 ***   D:12 (   Orc:4 =*[}   Elf:3 [   Vaults:4 %   Vaults:5 %?!%%%?%
Depths:2 [

Portals:
Hell: Depths:1 Depths:2 Depths:3 Depths:4 Depths:5
Abyss: Depths:1
Pandemonium: Depths:1 Depths:2 Depths:3
Ziggurat: Depths:1

Annotations:
Lair:8 exclusion: oklob plant
Depths:4 exclusion: 4 oklob plants


Innate Abilities, Weirdness & Mutations

You have a pair of large horns on your head.
You are completely covered in rough black scales (AC +10, Dex -3).
You radiate miasma, and are resistant to rotting and decay.
You are extremely robust (+30% HP).
You can tolerate rotten meat.
When hurt, damage is shared between your health and your magic reserves.
You regenerate magic rapidly.
When low on magic, you restore magic in place of health.
You have sharp toenails.
You can translocate small distances at will.
Your vision is quite blurry.
Your mind is acute. (Int +2)
Armour fits poorly on your strangely shaped body.
You digest meat inefficiently.
You heal slowly when monsters are visible.
You are weak. (Str -2)


Message History

The Executioner barely misses you.
The Executioner hits you but does no damage.
The Executioner closely misses you. You block the Executioner's attack.
The Executioner closely misses you. The Executioner barely misses you.
A sixfirhy comes into view.
Unknown command.
Read which item? (? for menu, Esc to quit)
As you read the scroll of blinking, it crumbles to dust.
The orb interferes with your control of the blink!
You blink.
Poelun sneers, "I will devour thy liver!"
The Executioner hits you but does no damage. x2
You block the Executioner's attack.
Read which item? (? for menu, Esc to quit)
The writing blurs in front of your eyes.
The Executioner hits you!
* * * LOW HITPOINT WARNING * * *
You emit a cloud of foul miasma!
You block the Executioner's attack. The Executioner hits you.
You die...

#.###.##.# #.###..#
#.# #.# #.##.#
#.###..# #.# #.#
#.##[# #.##...###.#
#.###.##&#
#...#......#
#.....[..#
####..######
#####.#.h# #..#
#.#.ยง# #..#
#.#.1########..#
#.#.@.........)######
#.##.######...8......
#...#........[)######
####.###.#...).# #
### #>#..##.######
#8#..#........
#.#...........
#.##.#########
#.#...########


You could see Poelun, an Executioner and a hell hound.

Vanquished Creatures
  4 orbs of fire (Zot:5)
  An ancient lich (Zot:5)
  Boris (Vaults:4)
  Saint Roka (Elf:2)
  3 curse toes
  Sojobo (Vaults:4)
  the Lernaean hydra (Swamp:5)
  Norris (Swamp:3)
  3 Killer Klowns
  10 golden dragons
  2 electric golems (Zot:5)
  the Enchantress (Depths:2)
  A profane servitor (Abyss:1)
  Nikola (Depths:3)
  6 bone dragons
  4 pandemonium lords (Zot:1)
  2 Hell Sentinels (Zot:1)
  26 tentacled monstrosities
  Asterion (Vaults:1)
  An Ice Fiend (Zot:1)
  2 deep elf blademasters (Elf:3)
  25 Orb Guardians
  2 deep elf master archers (Elf:3)
  A Shadow Fiend (Zot:1)
  6 titans
  13 storm dragons
  10 liches
  Rupert (Swamp:5)
  Agnes (Swamp:5)
  Frances (Swamp:5)
  6 sphinxes
  4 thorn hunters
  12 tengu reavers
  Kirke (Spider:3)
  5 draconian monks
  8 shadow dragons
  Roxanne (Swamp:5)
  6 deep elf sorcerers
  Donald (Swamp:3)
  Maud (Elf:1)
  16 frost giants
  3 iron dragons
  2 draconian scorchers
  12 fire giants
  9 ghost moths
  9 emperor scorpions
  Aizul (Vaults:1)
  Louise (Swamp:2)
  An octopode crusher (Depths:4)
  6 draconian zealots
  13 vault wardens
  2 cacodemons
  A draconian knight (Zot:2)
  4 spriggan defenders
  4 draconian annihilators
  2 draconian shifters
  19 stone giants
  A green draconian (shapeshifter) (Depths:1)
  3 rakshasas (Depths:3)
  12 deep elf demonologists
  8 green draconians
  3 draconian callers
  3 grey draconians
  2 war gargoyles
  2 lorocyprocas
  7 dire elephants
  7 mottled draconians
  5 red draconians
  7 deep elf annihilators
  7 black draconians
  A blizzard demon (Zot:4)
  3 pale draconians
  5 white draconians
  9 purple draconians
  6 yellow draconians
  A green death (Zot:1)
  10 deep elf death magi
  13 fire dragons
  13 ettins
  A siren (shapeshifter) (Vaults:1)
  A siren (Depths:1)
  4 great orbs of eyes
  2 deep elf high priests
  2 minotaurs
  16 ironheart preservers
  9 ice dragons
  8 vault guards
  10 death cobs
  Fannar (Lair:3)
  24 yaktaur captains
  17 ogre magi
  9 spriggan air magi
  2 ravenous feature mimics
  22 hydras
  2 shambling mangroves (Swamp:4)
  A monstrous demonspawn (Depths:1)
  Erica (D:15)
  8 deep troll shamans
  3 alligators
  6 tengu warriors
  14 deep troll earth magi
  A hell hog (Abyss:1)
  28 death yaks
  3 plague shamblers (Depths:1)
  6 sun demons
  2 spectral elves (Elf:3)
  A thrashing horror (Abyss:1)
  17 centaur warriors
  An orc high priest (Orc:2)
  The ghost of hurdos the Covert, an experienced OpNe of Kikubaaqudgha (Lair:1)
  25 hell knights
  11 spriggan berserkers
  A storm dragon zombie (Zot:5)
  Erolcha (D:10)
  6 iron trolls
  20 deep elf knights
  11 very ugly things
  A shadow demon (Depths:1)
  4 soul eaters
  A catoblepas (Depths:3)
  3 unseen horrors
  A shadow wraith (Abyss:1)
  2 ice devils
  A deep troll (shapeshifter) (Vaults:5)
  5 wizards
  3 spriggan druids (Swamp:5)
  12 ironbrand convokers
  7 large abominations
  41 deep trolls
  11 deep elf summoners
  A giant orange brain (Depths:5)
  8 necromancers
  4 harpies (Vaults:4)
  An infernal demonspawn (Depths:1)
  A hellion (Depths:2)
  16 orb spiders
  A putrid demonspawn (Depths:2)
  15 orc knights
  A hill giant (shapeshifter) (Depths:1)
  13 swamp dragons
  A deathcap (Zot:3)
  4 lindwurms (Lair:6)
  21 deep elf conjurers
  The ghost of Saihtam the Covered, an experienced DDFi of Makhleb (D:6)
  12 cyclopes
  4 griffons
  A golden dragon skeleton (Vaults:4)
  31 wolf spiders
  9 hill giants
  A draconian zombie (Zot:2)
  14 red wasps
  2 draconians (shapeshifter)
  2 orc sorcerers
  A black mamba (shapeshifter) (Vaults:4)
  2 manticores
  4 phantasmal warriors
  A stone giant zombie (Vaults:4)
  2 worldbinders (Abyss:1)
  2 sixfirhies
  17 elephants (Lair:8)
  5 black mambas
  2 molten gargoyles (Volcano)
  Maurice (D:9)
  27 moths of wrath
  An apocalypse crab (Abyss:1)
  15 vault sentinels
  A gargoyle (D:15)
  A drowned soul (Depths:1)
  An efreet (Abyss:1)
  34 spiny frogs
  A smoke demon (Depths:3)
  A black draconian zombie (Zot:2)
  10 orange demons
  An eye of devastation (Abyss:1)
  A vapour (Swamp:4)
  6 komodo dragons
  12 deep elf priests
  A spiny frog (shapeshifter) (Depths:3)
  A hellwing (Zot:1)
  An anaconda simulacrum (Abyss:1)
  59 yaktaurs
  A yaktaur (shapeshifter) (Vaults:5)
  4 kobold demonologists
  36 jumping spiders
  A tengu conjurer (D:15)
  3 iron devils
  12 giant fireflies
  A red devil (Volcano)
  8 trolls
  An iron troll zombie (Depths:3)
  12 demonic crawlers
  A giant firefly (shapeshifter) (Elf:3)
  2 raiju (Abyss:1)
  3 boggarts (Vaults:2)
  15 polar bears (IceCv)
  Sonja (D:10)
  4 wind drakes (shapeshifter)
  2 blue devils
  A merfolk (D:12)
  A moth of wrath zombie (Zot:2)
  A wandering mushroom (Zot:3)
  41 two-headed ogres
  7 giant leeches
  2 blink frogs (shapeshifter)
  9 freezing wraiths
  21 ravens
  10 boulder beetles
  8 bog bodies
  60 slime creatures
  A sphinx simulacrum (Vaults:4)
  4 flying skulls (Abyss:1)
  45 blink frogs
  2 baby alligators (shapeshifter)
  A grizzly bear (Lair:3)
  13 air elementals
  5 shadows
  A slime creature (shapeshifter) (Vaults:5)
  5 basilisks
  53 yaks
  12 spriggans
  3 thorn lotuses
  A spriggan (shapeshifter) (Abyss:1)
  A wyvern (Lair:5)
  4 hogs (Spider:3)
  51 redbacks
  15 sharks
  5 wraiths
  26 trapdoor spiders
  5 hippogriffs
  A toenail golem (Volcano)
  33 deep elf magi
  52 tarantellas
  A vampire (Depths:2)
  A golden eye (shapeshifter) (Depths:1)
  3 hell beasts
  2 elephant slugs
  58 ugly things
  4 ynoxinuls
  A hill giant zombie (D:13)
  6 water elementals
  38 vampire mosquitoes
  Eustachio (D:10)
  2 hungry ghosts
  A human (shapeshifter) (Vaults:1)
  A yak (shapeshifter) (Depths:2)
  A soldier ant (D:13)
  45 deep elf fighters
  2 chaos spawn
  21 swamp worms
  27 wolves
  A centaur simulacrum (D:10)
  7 wargs
  8 hell hounds
  2 necrophages
  2 human zombies (Depths:3)
  3 mottled dragons
  18 ice beasts
  19 water moccasins
  A black bear (shapeshifter) (Vaults:3)
  A hydra simulacrum (D:11)
  18 swamp drakes
  A soldier ant (shapeshifter) (Vaults:4)
  2 black bears
  4 giant goldfish
  2 sky beasts
  8 small abominations
  9 porcupines
  2 phantoms (D:7)
  2 yellow wasps
  56 orc warriors
  22 spiders
  23 centaurs
  6 crocodiles
  58 ogres
  5 big kobolds
  A boring beetle (Spider:3)
  Sigmund (D:7)
  8 giant slugs
  A giant slug (shapeshifter) (Depths:2)
  An earth elemental (Abyss:1)
  13 insubstantial wisps
  A cyclops zombie (D:14)
  A gnoll sergeant (D:9)
  A wyvern skeleton (D:10)
  40 giant frogs
  12 scorpions
  2 cyclops skeletons
  5 killer bees (D:10)
  4 eyes of draining (shapeshifter)
  2 troll zombies
  A yak skeleton (D:10)
  21 wights
  3 goliath beetles
  4 electric eels
  3 centaur zombies
  12 hounds
  23 orc priests
  9 starcursed masses (Abyss:1)
  4 jellies
  2 quasits
  8 crimson imps
  2 giant frog skeletons
  A centaur skeleton (D:12)
  11 big fish
  7 iron imps
  11 orange rats
  29 orc wizards
  6 iguanas
  A shapeshifter simulacrum (D:10)
  Natasha (D:6)
  5 worker ants
  A brain worm zombie (D:15)
  9 sheep
  Ijyb (D:4)
  A mottled dragon skeleton (D:13)
  2 ogre skeletons
  A basilisk simulacrum (D:10)
  A two-headed ogre simulacrum (D:10)
  2 mummies
  28 adders
  A scorpion zombie (D:7)
  10 gnolls
  42 green rats
  A hound simulacrum (D:10)
  A giant mite (D:5)
  An inept feature mimic (D:6)
  10 white imps
  3 shadow imps
  5 worms
  8 ufetubi
  6 giant eyeballs
  9 giant geckos
  2 oozes
  203 orcs
  A ball python (D:2)
  7 giant cockroaches
  24 hobgoblins
  34 kobolds
  10 quokkas
  28 bats
  7 giant newts
  23 goblins
  A hobgoblin skeleton (D:4)
  19 jackals
  An orc skeleton (D:5)
  27 rats
  A ballistomycete (D:15)
  4 crawling corpses (Elf:3)
  4 fungi
  8 plants
3082 creatures vanquished.

Vanquished Creatures (collateral kills)
  A curse toe (Zot:5)
  2 fire dragons
  A spriggan air mage (Depths:2)
  A spriggan (Depths:2)
5 creatures vanquished.

Vanquished Creatures (others)
  2 frost giants
  A deep elf sorcerer (Vaults:5)
  5 stone giants
  21 vault guards (Vaults:5)
  An ettin (Vaults:5)
  A deep elf high priest (Elf:3)
  An ogre mage (Vaults:4)
  A deep troll earth mage (Vaults:4)
  An orb spider (Spider:4)
  A hill giant (Swamp:5)
  4 drowned souls (Depths:1)
  A blue devil (Vaults:5)
  A yaktaur (Depths:3)
  A two-headed ogre (D:9)
  A troll (D:9)
  A trapdoor spider (Spider:5)
  A redback (Spider:5)
  3 deep elf magi
  A neqoxec (Vaults:5)
  A vampire mosquito (D:15)
  A deep elf fighter (Elf:3)
  A swamp worm (shapeshifter) (Vaults:1)
  A human zombie (Depths:3)
  An ogre (Depths:4)
  An electric eel (Lair:5)
  A wight (Vaults:2)
  A quasit (Vaults:5)
  An orange rat (Elf:1)
  A sheep (Vaults:1)
  A giant mite (Spider:5)
  An ufetubus (Zot:1)
  An orc (Vaults:2)
  A giant spore (D:15)
  A lurking horror (Abyss:1)
  2 briar patches (Swamp:2)
  A bush (Lair:8)
  51 fungi (Lair:8)
  45 plants
163 creatures vanquished.

Grand Total: 3250 creatures vanquished

Notes
Turn   | Place    | Note
--------------------------------------------------------------
     0 | D:1      | MDvedh, the Demonspawn Berserker, began the quest for the Orb.
     0 | D:1      | Reached XP level 1. HP: 18/18 MP: 1/1
    90 | D:1      | Gained mutation: You are partially covered in rough black scales (AC +4, Dex -1). [demonic ancestry]
    90 | D:1      | Reached XP level 2. HP: 10/24 MP: 2/2
   369 | D:1      | Acquired Trog's second power
   545 | D:1      | Reached XP level 3. HP: 29/29 MP: 3/3
   820 | D:1      | Reached skill level 4 in Maces & Flails
  1107 | D:2      | Gained mutation: You can tolerate rotten meat. [demonic ancestry]
  1107 | D:2      | Reached XP level 4. HP: 35/35 MP: 4/4
  1168 | D:2      | Found a shattered altar of Ashenzari.
  1181 | D:2      | Found a radiant altar of Vehumet.
  1331 | D:2      | Reached skill level 5 in Maces & Flails
  2174 | D:3      | Found a blossoming altar of Fedhas.
  2243 | D:3      | Gained mutation: You emit a foul stench, and are resistant to rotting and decay. [demonic ancestry]
  2243 | D:3      | Reached XP level 5. HP: 32/41 MP: 5/5
  2617 | D:4      | Reached skill level 6 in Maces & Flails
  2745 | D:4      | Acquired Trog's third power
  2938 | D:4      | Reached XP level 6. HP: 47/47 MP: 6/6
  3385 | D:4      | Noticed Ijyb
  3410 | D:4      | Killed Ijyb
  3410 | D:4      | Reached skill level 7 in Maces & Flails
  3593 | D:4      | Gained mutation: You have a pair of small horns on your head. [demonic ancestry]
  3593 | D:4      | Reached XP level 7. HP: 46/52 MP: 7/7
  4091 | D:5      | Entered Level 5 of the Dungeon
  4105 | D:5      | Reached skill level 8 in Maces & Flails
  4669 | D:5      | Reached skill level 9 in Maces & Flails
  4669 | D:5      | Reached XP level 8. HP: 32/58 MP: 8/8
  4713 | D:5      | HP: 2/58 [poisoned by a centaur]
  5206 | D:5      | Found a staircase to the Ecumenical Temple.
  5775 | D:6      | Noticed Natasha
  5781 | D:6      | Killed Natasha
  5848 | D:6      | Noticed Saihtam's ghost (experienced DDFi)
  5858 | D:6      | Killed Saihtam's ghost
  5858 | D:6      | Reached skill level 10 in Maces & Flails
  6009 | D:6      | Received a gift from Trog
  6069 | D:6      | Reached skill level 11 in Maces & Flails
  6129 | D:6      | Gained mutation: You have a pair of horns on your head. [demonic ancestry]
  6129 | D:6      | Reached XP level 9. HP: 63/63 MP: 9/9
  6267 | D:7      | Noticed Sigmund
  6290 | D:7      | Killed Sigmund
  6711 | D:7      | Reached skill level 12 in Maces & Flails
  7448 | D:8      | Reached skill level 5 in Armour
  7529 | D:8      | Received a gift from Trog
  7599 | D:8      | Reached XP level 10. HP: 55/70 MP: 10/10
  7980 | D:9      | Found a staircase to the Lair.
  7983 | D:9      | Found Guph's General Store.
  8100 | D:9      | Found a glowing silver altar of Zin.
  8114 | D:9      | Found Rarph's Assorted Antiques.
  8114 | D:9      | Noticed Maurice
  8127 | D:9      | Killed Maurice
  8136 | D:9      | Bought a transparent whip for 240 gold pieces
  8136 | D:9      | Bought a green potion for 28 gold pieces
  8136 | D:9      | Bought a metallic purple potion for 28 gold pieces
  8136 | D:9      | Bought a scroll labeled FITYL OMPYWN for 32 gold pieces
  8137 | D:9      | Identified the +3,+1 whip of Flawed Execution {slash, rPois rF++} (You bought it in a shop on level 9 of the Dungeon)
  8355 | D:9      | Found Strant's General Store.
  8776 | D:9      | Noticed a fire dragon
  8818 | D:9      | Killed a fire dragon
  9208 | Lair:1   | Entered Level 1 of the Lair of Beasts
  9530 | Lair:1   | Noticed hurdos' ghost (experienced OpNe)
  9539 | Lair:1   | Killed hurdos' ghost
  9791 | Lair:1   | Reached skill level 10 in Armour
  9791 | Lair:1   | Gained mutation: You are mostly covered in rough black scales (AC +7, Dex -2). [demonic ancestry]
  9791 | Lair:1   | Reached XP level 11. HP: 47/75 MP: 11/11
 11173 | Lair:2   | Received a gift from Trog
 11577 | Lair:3   | Noticed Fannar
 11653 | Lair:3   | Killed Fannar
 12029 | Lair:3   | Reached skill level 5 in Fighting
 12530 | Lair:4   | Found a dark tunnel.
 12567 | Volcano  | Entered a volcano
 12651 | Volcano  | Found a bloodstained altar of Trog.
 12651 | Volcano  | Noticed a sun demon
 12664 | Volcano  | Killed a sun demon
 12671 | Volcano  | Reached XP level 12. HP: 91/91 MP: 12/12
 13057 | Lair:4   | Received a gift from Trog
 13455 | Lair:4   | Noticed a six-headed hydra
 13459 | Lair:4   | Killed a six-headed hydra
 14075 | Lair:5   | Reached skill level 10 in Fighting
 14342 | Lair:5   | Found a staircase to the Swamp.
 15652 | Lair:6   | Found a hole to the Spider Nest.
 15696 | Lair:6   | Noticed an eight-headed hydra
 15706 | Lair:6   | Killed an eight-headed hydra
 16055 | Lair:6   | Gained mutation: You have a pair of large horns on your head. [demonic ancestry]
 16055 | Lair:6   | Reached XP level 13. HP: 84/109 MP: 13/13
 16516 | Lair:7   | Found a viscous altar of Jiyva.
 16517 | Lair:7   | Found a staircase to the Slime Pits.
 16761 | Lair:7   | Reached skill level 13 in Fighting
 17150 | Lair:7   | Received a gift from Trog
 17284 | Lair:7   | Identified a +2 rod of the swarm (13/13) (You found it on level 6 of the Lair of Beasts)
 17414 | Lair:8   | Entered Level 8 of the Lair of Beasts
 17414 | Lair:8   | Found an iron altar of Okawaru.
 17481 | Lair:8   | Found a frozen archway.
 17657 | IceCv    | Entered an ice cave
 18050 | IceCv    | Reached skill level 14 in Fighting
 18979 | IceCv    | Noticed a frost giant
 19010 | IceCv    | Killed a frost giant
 19022 | IceCv    | Reached skill level 15 in Fighting
 19834 | Lair:8   | Received a gift from Trog
 19835 | Lair:8   | Got a jewelled demon whip {god gift}
 19836 | Lair:8   | Identified the +7,+13 demon whip of a sewer {venom, rC+ Dex+4} (Trog gifted it to you on level 8 of the Lair of Beasts)
 20157 | Lair:8   | Reached XP level 14. HP: 115/124 MP: 14/14
 20304 | Lair:8   | Reached skill level 16 in Fighting
 21507 | Lair:8   | Reached skill level 17 in Fighting
 21842 | Lair:8   | Received a gift from Trog
 22201 | Lair:8   | Got an encrusted plate armour
 22246 | Lair:8   | Identified the cursed -1 plate armour of Yhuusk {Dex+3 Int+1} (You found it on level 8 of the Lair of Beasts)
 22920 | Lair:8   | Reached skill level 18 in Fighting
 23504 | D:9      | Bought a scroll of acquirement for 728 gold pieces
 23533 | D:9      | Bought a potion of beneficial mutation for 420 gold pieces
 23534 | D:9      | Gained mutation: Your mind is acute. (Int +2) [potion of beneficial mutation]
 23545 | D:10     | Entered Level 10 of the Dungeon
 23585 | D:10     | Reached skill level 1 in Shields
 23608 | D:10     | Noticed Sonja
 23618 | D:10     | Killed Sonja
 23619 | D:10     | Received a gift from Trog
 23627 | D:10     | Noticed Erolcha
 23634 | D:10     | Killed Erolcha
 23779 | D:10     | Noticed Eustachio
 23799 | D:10     | Killed Eustachio
 24046 | D:10     | Found a glowing golden altar of the Shining One.
 24390 | D:11     | Paralysed by a giant eyeball for 3 turns
 24505 | D:11     | Reached skill level 5 in Shields
 24616 | D:11     | Received a gift from Trog
 24699 | D:11     | Gained mutation: When hurt, damage is shared between your health and your magic reserves. [demonic ancestry]
 24699 | D:11     | Reached XP level 15. HP: 136/136 MP: 15/15
 25032 | D:12     | Gained mutation: You are robust (+10% HP). [potion of beneficial mutation]
 25140 | D:12     | Found a staircase to the Orcish Mines.
 25161 | D:12     | Found Mnodghakk's Weapon Boutique.
 25608 | Orc:1    | Entered Level 1 of the Orcish Mines
 25664 | Orc:1    | Received a gift from Trog
 26430 | Orc:2    | Received a gift from Trog
 26647 | Orc:2    | Found a roughly hewn altar of Beogh.
 26966 | Orc:3    | Found a roughly hewn altar of Beogh.
 27024 | Orc:3    | Received a gift from Trog
 27064 | Orc:3    | Found a staircase to the Elven Halls.
 27434 | Orc:4    | Entered Level 4 of the Orcish Mines
 27740 | Orc:4    | Found Fier's Jewellery Boutique.
 27892 | Orc:4    | Found Pezei's General Store.
 28184 | Orc:4    | Found a roughly hewn altar of Beogh.
 28276 | Orc:4    | Received a gift from Trog
 28287 | Orc:4    | Found Aqotusti's Gadget Emporium.
 28322 | Orc:4    | Found Criown's Armour Boutique.
 28414 | Orc:4    | Bought an uncursed amulet of conservation for 420 gold pieces
 29148 | Orc:2    | Found a roughly hewn altar of Beogh.
 29465 | D:13     | Received a gift from Trog
 29646 | D:13     | Reached skill level 10 in Shields
 30515 | D:14     | Found a flickering gateway to a bazaar.
 30537 | D:14     | Found a gate to the Vaults.
 30551 | Bazaar   | Entered a bazaar
 30564 | Bazaar   | Found Ideihen's Weapon Shoppe.
 30564 | Bazaar   | Found Mniupnak's Food Shoppe.
 30600 | Bazaar   | Found Zaim's Magic Scroll Emporium.
 30600 | Bazaar   | Found Niyqul's Magic Scroll Emporium.
 30619 | Bazaar   | Bought a scroll of fog for 26 gold pieces
 30619 | Bazaar   | Bought a scroll of blinking for 97 gold pieces
 30632 | Bazaar   | Bought a scroll of identify for 18 gold pieces
 30632 | Bazaar   | Bought a scroll of acquirement for 468 gold pieces
 30632 | Bazaar   | Bought a scroll of teleportation for 27 gold pieces
 30632 | Bazaar   | Bought a scroll of identify for 18 gold pieces
 30632 | Bazaar   | Bought a scroll of blinking for 67 gold pieces
 30632 | Bazaar   | Bought a scroll of enchant weapon I for 31 gold pieces
 30657 | D:14     | Received a gift from Trog
 30979 | D:15     | Entered Level 15 of the Dungeon
 31070 | D:15     | Noticed Erica
 31077 | D:15     | Killed Erica
 31117 | D:15     | Found a staircase to the Depths.
 31358 | D:15     | Gained mutation: You radiate miasma, and are resistant to rotting and decay. [demonic ancestry]
 31358 | D:15     | Reached XP level 16. HP: 157/157 MP: 16/16
 31527 | D:15     | Received a gift from Trog
 32534 | Swamp:1  | Entered Level 1 of the Swamp
 33049 | Swamp:1  | Received a gift from Trog
 33596 | Swamp:2  | Noticed Louise
 33623 | Swamp:2  | Killed Louise
 33667 | Swamp:2  | You fall through a shaft for 2 floors!
 34158 | Swamp:4  | Got a jet-studded chain mail
 34168 | Swamp:4  | Identified the +7 chain mail "Taiss" {Str+2 Dex+3} (You found it on level 4 of the Swamp)
 34748 | Swamp:3  | Noticed Norris
 34748 | Swamp:3  | Paralysed by Norris for 3 turns
 34771 | Swamp:3  | Killed Norris
 35485 | Swamp:2  | Reached skill level 15 in Shields
 35695 | Swamp:2  | Received a gift from Trog
 36196 | Swamp:3  | Noticed Donald
 36211 | Swamp:3  | Killed Donald
 36672 | Swamp:4  | Gained mutation: You are very robust (+20% HP). [demonic ancestry]
 36672 | Swamp:4  | Reached XP level 17. HP: 94/178 MP: 12/17
 37121 | Swamp:4  | Reached skill level 5 in Dodging
 37503 | Swamp:5  | Entered Level 5 of the Swamp
 37814 | Swamp:5  | Noticed Roxanne
 37840 | Swamp:5  | Killed Roxanne
 37867 | Swamp:5  | Received a gift from Trog
 38092 | Swamp:5  | Noticed Agnes
 38102 | Swamp:5  | Killed Agnes
 38575 | Swamp:5  | Noticed the 27-headed Lernaean hydra
 38998 | Swamp:5  | Killed the 27-headed Lernaean hydra
 39037 | Swamp:5  | Noticed Rupert
 39048 | Swamp:5  | Killed Rupert
 39186 | Swamp:5  | Noticed Frances
 39207 | Swamp:5  | Killed Frances
 39252 | Swamp:5  | Got a decaying rune of Zot
 39828 | Spider:1 | Entered Level 1 of the Spider Nest
 39833 | Spider:1 | Received a gift from Trog
 40544 | Spider:2 | Received a gift from Trog
 41417 | Spider:2 | Reached skill level 15 in Armour
 41892 | Spider:3 | Noticed Kirke
 41910 | Spider:3 | Killed Kirke
 41910 | Spider:3 | Reached XP level 18. HP: 135/188 MP: 12/18
 42288 | Spider:3 | Received a gift from Trog
 43421 | Spider:5 | Entered Level 5 of the Spider Nest
 44449 | Spider:5 | Received a gift from Trog
 44522 | Spider:5 | Reached skill level 10 in Dodging
 45162 | Spider:5 | Got a gossamer rune of Zot
 46040 | Vaults:1 | Entered Level 1 of the Vaults
 46040 | Vaults:1 | Noticed Aizul
 46066 | Vaults:1 | Killed Aizul
 46066 | Vaults:1 | Received a gift from Trog
 46304 | Vaults:1 | Noticed Asterion
 46318 | Vaults:1 | Killed Asterion
 46683 | Vaults:1 | Received a gift from Trog
 47162 | Vaults:1 | Reached XP level 19. HP: 183/195 MP: 17/18
 48047 | Vaults:1 | Received a gift from Trog
 49548 | Vaults:1 | Received a gift from Trog
 49653 | Vaults:2 | Reached skill level 15 in Dodging
 50039 | Vaults:2 | Found a staircase to the Crypt.
 50504 | Vaults:2 | Received a gift from Trog
 51916 | Vaults:3 | Received a gift from Trog
 52261 | Vaults:3 | Cast into the Abyss (deep elf sorcerer)
 52404 | Abyss:1  | Noticed a profane servitor
 52441 | Abyss:1  | Killed a profane servitor
 52580 | Abyss:1  | Gained mutation: You are extremely robust (+30% HP). [demonic ancestry]
 52580 | Abyss:1  | Reached XP level 20. HP: 198/223 MP: 19/19
 52674 | Abyss:1  | Reached skill level 19 in Fighting
 53022 | Abyss:1  | Found a blossoming altar of Fedhas.
 53205 | Vaults:3 | Escaped the Abyss
 53639 | Vaults:3 | Received a gift from Trog
 53880 | Vaults:4 | Paralysed by a sphinx for 6 turns
 53969 | Vaults:4 | Noticed Boris
 53970 | Vaults:4 | Found a staircase to the Hall of Blades.
 53991 | Vaults:4 | Killed Boris
 54122 | Vaults:4 | Reached skill level 20 in Fighting
 54429 | Vaults:4 | Found Vaupnau's Food Shop.
 54755 | Vaults:4 | Received a gift from Trog
 54999 | Vaults:4 | Noticed Sojobo
 55027 | Vaults:4 | Killed Sojobo
 55768 | Vaults:4 | Reached skill level 21 in Fighting
 56164 | Depths:1 | Entered Level 1 of the Depths
 56167 | Depths:1 | Found a one-way gate to the infinite horrors of the Abyss.
 56168 | Depths:1 | Found a corrupted altar of Lugonu.
 56301 | Depths:1 | Found a one-way gate leading to the halls of Pandemonium.
 56672 | Depths:1 | Found a gateway to a ziggurat.
 56750 | Depths:1 | Received a gift from Trog
 57060 | Depths:1 | Found a gateway to Hell.
 57546 | Depths:1 | Reached XP level 21. HP: 223/243 MP: 17/20
 57908 | Depths:2 | Paralysed by a giant eyeball for 4 turns
 57941 | Depths:2 | Noticed the Enchantress
 57972 | Depths:2 | Killed the Enchantress
 57972 | Depths:2 | Reached skill level 22 in Fighting
 58559 | Depths:2 | Found Claxziuw's Antique Armour Shop.
 58636 | Depths:2 | Received a gift from Trog
 59539 | Depths:3 | Received a gift from Trog
 59551 | Depths:3 | Noticed Nikola
 59568 | Depths:3 | Killed Nikola
 59623 | Depths:3 | Reached skill level 23 in Fighting
 60094 | Depths:3 | Paralysed by a great orb of eyes for 7 turns
 60960 | Depths:3 | Received a gift from Trog
 61242 | Depths:3 | Reached XP level 22. HP: 177/262 MP: 19/20
 61582 | Depths:3 | Reached skill level 24 in Fighting
 62132 | Depths:3 | Got a polished chain mail
 62134 | Depths:3 | Identified the +7 chain mail of the Soldier {rC+} (You found it on level 3 of the Depths)
 62209 | Depths:3 | Received a gift from Trog
 63742 | Depths:3 | Reached skill level 25 in Fighting
 63749 | Depths:3 | Received a gift from Trog
 66088 | Depths:5 | Entered Level 5 of the Depths
 66305 | Depths:5 | Received a gift from Trog
 66348 | Depths:5 | Reached skill level 26 in Fighting
 66435 | Depths:5 | Gained mutation: You regenerate magic rapidly. [demonic ancestry]
 66435 | Depths:5 | Reached XP level 23. HP: 168/279 MP: 17/21
 67352 | D:9      | Bought a silver wand for 128 gold pieces
 67517 | Elf:1    | Entered Level 1 of the Elven Halls
 67610 | Elf:1    | Noticed Maud
 67621 | Elf:1    | Killed Maud
 67621 | Elf:1    | Received a gift from Trog
 68649 | Elf:2    | Noticed Saint Roka
 68666 | Elf:2    | Killed Saint Roka
 68693 | Elf:2    | Received a gift from Trog
 69230 | Elf:3    | Entered Level 3 of the Elven Halls
 69355 | Elf:3    | Received a gift from Trog
 69356 | Elf:3    | Got a transparent spear {god gift}
 69536 | Elf:3    | Found Juinusee's Armour Boutique.
 70425 | Elf:3    | Reached skill level 27 in Fighting
 70442 | Elf:3    | Got a sparkling brass ring
 70803 | Elf:3    | Received a gift from Trog
 71082 | Elf:3    | Got a pair of ancient boots
 71086 | Elf:3    | Identified the cursed +0 pair of boots "Ragaism" {rF++ Int+3 Dam+3} (You found it on level 3 of the Elven Halls)
 71090 | Elf:3    | Got a distressingly furry cloak
 71094 | Elf:3    | Identified the +1 cloak of the Earth {Str+5 Dex+3} (You found it on level 3 of the Elven Halls)
 71142 | Elf:3    | Got an ancient pewter ring
 71178 | Elf:3    | Got a faintly glowing bone ring
 71192 | Elf:3    | Identified the ring "Lesu Gyu" {+Fly EV+4 Acc-5} (You took it off a deep elf summoner on level 3 of the Elven Halls)
 71193 | Elf:3    | Identified the ring "Dunyn" {Hunger Str+2 Dex+3} (You took it off a deep elf blademaster on level 3 of the Elven Halls)
 71194 | Elf:3    | Identified the ring "Tosucon" {Ice Str+2} (You took it off a deep elf mage on level 3 of the Elven Halls)
 71861 | Vaults:4 | Bought a meat ration for 55 gold pieces
 71861 | Vaults:4 | Bought a bread ration for 48 gold pieces
 71861 | Vaults:4 | Bought a bread ration for 48 gold pieces
 71861 | Vaults:4 | Bought a meat ration for 55 gold pieces
 71861 | Vaults:4 | Bought a bread ration for 48 gold pieces
 71861 | Vaults:4 | Bought a bread ration for 48 gold pieces
 71861 | Vaults:4 | Bought a bread ration for 48 gold pieces
 71861 | Vaults:4 | Bought a meat ration for 55 gold pieces
 71861 | Vaults:4 | Bought a meat ration for 55 gold pieces
 71861 | Vaults:4 | Bought a meat ration for 55 gold pieces
 71933 | Vaults:5 | Entered Level 5 of the Vaults
 72217 | Vaults:4 | Received a gift from Trog
 74710 | Vaults:4 | Reached XP level 24. HP: 295/295 MP: 21/21
 75327 | Vaults:5 | Reached skill level 15 in Maces & Flails
 75563 | Vaults:5 | Received a gift from Trog
 75681 | Vaults:5 | Found Gixex's Food Boutique.
 76818 | Vaults:5 | Cast into the Abyss (deep elf demonologist)
 76818 | Abyss:1  | Found a corrupted altar of Lugonu.
 76963 | Vaults:5 | Escaped the Abyss
 77787 | Vaults:5 | Received a gift from Trog
 78350 | Vaults:5 | Found Stynutom's Magic Scroll Shop.
 78354 | Vaults:5 | Got a silver rune of Zot
 78360 | Vaults:5 | Found Zajee's Food Emporium.
 78376 | Vaults:5 | Found Mebbat's Food Shop.
 78407 | Vaults:5 | Found Nimuac's Distillery.
 78419 | Vaults:5 | Found Anudwu's Magic Scroll Boutique.
 78419 | Vaults:5 | Found Wihus' Food Emporium.
 78437 | Vaults:5 | Bought a scroll of enchant armour for 112 gold pieces
 78437 | Vaults:5 | Bought a scroll of enchant armour for 112 gold pieces
 78437 | Vaults:5 | Bought a scroll of magic mapping for 52 gold pieces
 78437 | Vaults:5 | Bought a scroll of identify for 30 gold pieces
 78453 | Vaults:5 | Bought a potion of curing for 44 gold pieces
 78453 | Vaults:5 | Bought a potion of curing for 44 gold pieces
 78453 | Vaults:5 | Bought a potion of curing for 44 gold pieces
 78465 | Vaults:5 | Found Lyisk's Distillery.
 78465 | Vaults:5 | Found Jeilemie's Food Boutique.
 78467 | Vaults:5 | Lyisk's Distillery was a mimic.
 79646 | Depths:5 | Received a gift from Trog
 79770 | Depths:5 | Found a gate to the Realm of Zot.
 79945 | Depths:5 | Gained mutation: You are completely covered in rough black scales (AC +10, Dex -3). [demonic ancestry]
 79945 | Depths:5 | Reached XP level 25. HP: 267/304 MP: 20/22
 80048 | Depths:5 | Received a gift from Trog
 80726 | Zot:1    | Entered Level 1 of the Realm of Zot
 81310 | Zot:1    | Received a gift from Trog
 81579 | Zot:1    | Got a pair of dazzling gloves
 81585 | Zot:1    | Identified the cursed -4 pair of gloves of Coronation {Stlth++} (You found it on level 1 of the Realm of Zot)
 82419 | Zot:2    | Received a gift from Trog
 83535 | Zot:3    | Gained mutation: When low on magic, you restore magic in place of health. [demonic ancestry]
 83535 | Zot:3    | Reached XP level 26. HP: 295/314 MP: 0/22
 84013 | Zot:3    | Gained mutation: You can translocate small distances at will. [potion of beneficial mutation]
 85401 | Zot:4    | Received a gift from Trog
 85686 | Zot:5    | Entered Level 5 of the Realm of Zot
 86499 | Zot:5    | Noticed an ancient lich
 87021 | Zot:5    | Killed an ancient lich
 87155 | Zot:5    | Noticed an orb of fire
 87169 | Zot:5    | Killed an orb of fire
 87229 | Zot:5    | Reached XP level 27. HP: 269/323 MP: 20/23
 87425 | Zot:5    | Noticed an orb of fire
 87427 | Zot:5    | Gained mutation: You have sharp toenails. [an orb of fire]
 87431 | Zot:5    | Noticed an orb of fire
 87432 | Zot:5    | Gained mutation: Your vision is a little blurry. [an orb of fire]
 87440 | Zot:5    | Killed an orb of fire
 87454 | Zot:5    | Killed an orb of fire
 87623 | Zot:5    | Noticed an orb of fire
 87626 | Zot:5    | Gained mutation: You are weak. (Str -2) [an orb of fire]
 87631 | Zot:5    | Gained mutation: You heal slowly when monsters are visible. [an orb of fire]
 87639 | Zot:5    | Killed an orb of fire
 87669 | Zot:5    | Noticed an ancient lich
 87745 | Zot:5    | Got the Orb of Zot
 87762 | Zot:5    | Noticed Phaohuh the pandemonium lord
 87774 | Zot:5    | Noticed an ancient lich
 87867 | Zot:4    | Gained mutation: Your vision is quite blurry. [a neqoxec]
 87908 | Zot:1    | Received a gift from Trog
 87971 | Zot:1    | Gained mutation: You digest meat inefficiently. [a cacodemon]
 87974 | Zot:1    | Gained mutation: Armour fits poorly on your strangely shaped body. [a cacodemon]
 88044 | Zot:1    | Noticed Komek the pandemonium lord
 88061 | Zot:1    | Killed Komek the pandemonium lord
 88158 | Zot:1    | Noticed Shradidi the pandemonium lord
 88194 | Zot:1    | Killed Shradidi the pandemonium lord
 88339 | Zot:1    | Paralysed by a lich for 2 turns
 88376 | Zot:1    | Noticed Liatz the pandemonium lord
 88400 | Zot:1    | Killed Liatz the pandemonium lord
 88518 | Zot:1    | Noticed Qiumaodgh the pandemonium lord
 88534 | Zot:1    | Killed Qiumaodgh the pandemonium lord
 88588 | Zot:1    | Noticed Poelun the pandemonium lord
 88617 | Zot:1    | HP: 15/323 [Executioner (11)]
 88617 | Zot:1    | HP: 2/323 [Executioner (11)]
 88621 | Zot:1    | Slain by an Executioner

Action                   |  1- 3 |  4- 6 |  7- 9 | 10-12 | 13-15 | 16-18 | 19-21 | 22-24 | 25-27 || total
-------------------------+-------+-------+-------+-------+-------+-------+-------+-------+-------++-------
Melee: Mace              |    24 |       |     5 |       |       |       |       |       |       ||    29
       Whip              |   100 |   235 |   410 |   877 |   433 |       |       |       |       ||  2055
       Demon whip        |       |       |       |       |  1606 |  2249 |  2471 |  2247 |  1531 || 10104
Invok: Berserk           |       |       |     4 |     5 |     1 |     1 |     1 |       |       ||    12
       Brothers in Arms  |       |       |       |     3 |       |     3 |     1 |     1 |     2 ||    10
       Burn Spellbooks   |       |       |       |     2 |     4 |     5 |     1 |     6 |       ||    18
       Trog's Hand       |       |       |       |     1 |     2 |     3 |     4 |     4 |    12 ||    26
Evoke: Wand              |       |     1 |       |    18 |     7 |     2 |     5 |     6 |     7 ||    46
       Rod               |       |       |       |       |     3 |       |       |       |       ||     3
  Use: Scroll            |       |    12 |     5 |    20 |    10 |     9 |    14 |    21 |    12 ||   103
       Potion            |       |       |       |     2 |     4 |    11 |     8 |     7 |    19 ||    51
 Stab: Distracted        |       |       |       |       |       |       |       |     4 |       ||     4
